 Dungeon Crawl Stone Soup version 0.23.2-1-ga50397a6bc (webtiles) character file.

Game seed: 9633661740532690244

137964 Bb4Qf6 the Severer (level 16, -2/163 HPs)
             Began as a Deep Dwarf Fighter on May 28, 2019.
             Was the Champion of Makhleb.
             Slain by a nagaraja
             ... wielding a +2 spear of venom
              (15 damage)
             ... on level 4 of the Snake Pit on May 29, 2019.
             The game lasted 01:30:59 (23787 turns).

Bb4Qf6 the Severer (Deep Dwarf Fighter)            Turns: 23787, Time: 01:31:01

Health: -2/163     AC: 26    Str: 30    XL:     16   Next: 70%
Magic:  0/0        EV: 11    Int: 10    God:    Makhleb [******]
Gold:   2213       SH:  0    Dex: 12    Spells: 15/15 levels left

rFire    + . .     SeeInvis .   I - +7 executioner's axe (freeze)
rCold    . . .     Gourm    .   (shield currently unavailable)
rNeg     + . .     Faith    .   O - +1 plate armour
rPois    +         Spirit   .   F - +0 helmet
rElec    .         Reflect  .   U - +2 cloak {rPois}
rCorr    .         Harm     .   a - +0 pair of gloves of Gravity {MR+ Str+4}
MR       ++++.                  m - +1 pair of boots
Stlth    ..........             (no amulet)
HPRegen  0.00/turn              e - ring of protection from fire
MPRegen  0.07/turn              r - ring of protection from magic

@: lethally poisoned (-2 -> -2), very slightly contaminated, non-regenerating,
constricted
A: damage resistance, heal wounds, negative energy resistance 1, sense
surroundings 2, no regeneration
a: Heal Wounds, Minor Destruction, Lesser Servant of Makhleb, Major Destruction,
Greater Servant of Makhleb, Renounce Religion


You were on level 4 of the Snake Pit.
You worshipped Makhleb.
Makhleb was exalted by your worship.
You were very hungry.

You visited 5 branches of the dungeon, and saw 28 of its levels.
You also visited: Gauntlet.

You collected 2799 gold pieces.
You spent 586 gold pieces at shops.

Inventory:

Hand Weapons
 I - a +7 executioner's axe of freezing (weapon)
Missiles
 G - 4 poisoned javelins (quivered)
 M - 23 javelins
Armour
 a - the +0 pair of gloves of Gravity (worn) {MR+ Str+4}
   (You found it in a Gauntlet)

   It affects your strength (+4).
   It affects your resistance to hostile enchantments.
 b - a +0 scale mail
 h - a scarf of repulsion
 m - a +1 pair of boots (worn)
 v - a +0 cloak
 y - a scarf of cloud immunity
 A - a +0 scale mail of magic resistance
 D - +0 steam dragon scales
 F - a +0 helmet (worn)
 O - a +1 plate armour (worn)
 U - a +2 cloak of poison resistance (worn)
Jewellery
 e - a ring of protection from fire (left hand)
 q - an uncursed ring of protection from magic
 r - a ring of protection from magic (right hand)
 H - an uncursed ring of fire
 J - a +3 ring of evasion
 K - the ring "Oleim" {*Tele rC++ MR+++ Str-3 Int+2}
   (You found it in a Gauntlet)

   [ring of teleportation]

   It may teleport you next to monsters.
   It affects your strength (-3).
   It affects your intelligence (+2).
   It greatly protects you from cold.
   It affects your resistance to hostile enchantments.
 Z - an uncursed ring of resist corrosion
Wands
 l - a wand of paralysis (25)
 x - a wand of flame (15)
 B - a wand of random effects (18)
 C - a wand of polymorph (21)
 E - a wand of acid (16)
 L - a wand of iceblast (19)
 N - a wand of enslavement (7)
 W - a wand of disintegration (10)
Scrolls
 c - 4 scrolls of amnesia
 d - a scroll of magic mapping
 j - 18 scrolls of remove curse
 t - 8 scrolls of identify
 P - a scroll of enchant weapon
Potions
 g - 4 potions of flight
 i - 8 potions of brilliance
 k - 5 potions of curing
 n - 2 potions of mutation
 u - a potion of agility
 w - a potion of invisibility
 z - 4 potions of cancellation
 T - a potion of magic
Miscellaneous
 R - a lightning rod (3/4)
Comestibles
 f - 48 rations
 Q - 5 chunks of flesh


   Skills:
 + Level 15.3 Fighting
 * Level 19.0 Axes
 + Level 12.9 Armour
 + Level 12.2 Dodging
   Level 3.2 Shields
 - Level 10.0 Invocations


You had 15 spell levels left.
You didn't know any spells.
Your spell library contained the following spells:

 Spells                   Type           Power        Failure   Level  Hunger
 Animate Skeleton         Necr           N/A          93%         1    ##.....
 Apportation              Tloc           #.....       93%         1    ##.....
 Confusing Touch          Hex            #.....       93%         1    ##.....
 Corona                   Hex            #......      93%         1    ##.....
 Flame Tongue             Conj/Fire      #....        93%         1    ##.....
 Freeze                   Ice            #...         93%         1    ##.....
 Infusion                 Chrm           #...         93%         1    ##.....
 Magic Dart               Conj           #...         93%         1    ##.....
 Shock                    Conj/Air       #...         93%         1    ##.....
 Summon Butterflies       Summ           #.......     93%         1    ##.....
 Summon Small Mammal      Summ           #...         93%         1    ##.....
 Ensorcelled Hibernation  Hex/Ice        #.....       98%         2    ###....
 Searing Ray              Conj           #.....       98%         2    ###....
 Shroud of Golubria       Chrm/Tloc      #.........   98%         2    ###....
 Song of Slaying          Chrm           #.......     98%         2    ###....
 Sublimation of Blood     Necr           #.........   98%         2    ###....
 Swiftness                Chrm/Air       #.......     98%         2    ###....
 Throw Flame              Conj/Fire      #.....       98%         2    ###....
 Throw Frost              Conj/Ice       #.....       98%         2    ###....
 Call Canine Familiar     Summ           #.......     100%        3    ####...
 Confuse                  Hex            #.......     100%        3    ####...
 Conjure Flame            Conj/Fire      #.......     100%        3    ####...
 Dazzling Spray           Conj/Hex       #.....       100%        3    ####...
 Ignite Poison            Fire/Tmut/Pois #.......     100%        3    ####...
 Inner Flame              Hex/Fire       #.......     100%        3    ####...
 Ozocubu's Armour         Chrm/Ice       #.......     100%        3    ####...
 Spectral Weapon          Hex/Chrm       #.......     100%        3    ####...
 Static Discharge         Conj/Air       #.......     100%        3    ####...
 Tukima's Dance           Hex            #.......     100%        3    ####...
 Airstrike                Air            #.........   100%        4    #####..
 Force Lance              Conj/Tloc      #.......     100%        4    #####..
 Fulminant Prism          Conj/Hex       #.........   100%        4    #####..
 Iskenderun's Mystic Bla  Conj           #.......     100%        4    #####..
 Petrify                  Tmut/Erth      #.......     100%        4    #####..
 Sticky Flame             Conj/Fire      #.......     100%        4    #####..
 Summon Ice Beast         Ice/Summ       #.......     100%        4    #####..
 Throw Icicle             Conj/Ice       #.......     100%        4    #####..
 Alistair's Intoxication  Tmut/Pois      #.......     100%        5    ######.
 Fireball                 Conj/Fire      #.........   100%        5    ######.
 Irradiate                Conj/Tmut      #.........   100%        5    ######.
 Lightning Bolt           Conj/Air       #.........   100%        5    ######.
 Summon Mana Viper        Hex/Summ       #.......     100%        5    ######.
 Summon Hydra             Summ           #.........   100%        7    #######
 Regeneration             Chrm/Necr      Unusable     N/A         3    N/A

Dungeon Overview and Level Annotations

Branches:
Dungeon (15/15)            Temple (1/1) D:6            Lair (6/6) D:9
  Swamp (0/4) Lair:4        Snake (4/4) Lair:2        Slime (0/5) Lair:6
    Orc (2/2) D:12            Elf (0/3) Orc:2        Vaults (0/5) D:13
 Depths (0/5) D:15

Altars:
Ashenzari
Cheibriados
Dithmenos
Elyvilon
Fedhas
Gozag
Hepliaklqana
Kikubaaqudgha
Makhleb
Nemelex Xobeh
Okawaru
Qazlal
Ru
Sif Muna
Trog
Uskayaw
Vehumet
Wu Jian
Xom
Yredelemnul
The Shining One
Jiyva

Shops:
D:7 *   D:10 ?   D:12 *[(   Orc:2 [[(:

Annotations:
D:3 1 runed translucent door, voshxz's ghost, amateur DEFE
D:9 exclusion: door
D:10 3 runed translucent doors, kikerikii's ghost, novice MiBe
Lair:2 exclusion: oklob plant
Lair:5 2 transporters, Gargoyl's ghost, journeyman CeAK
Snake:3 1 runed translucent door, mrkaede's ghost, adept MiFi


Innate Abilities, Weirdness & Mutations

You are resistant to damage.
You can heal yourself by infusing magical energy.
You resist negative energy. (rN+)
You passively map the area around you.
You do not regenerate.


Message History

* * * LOW HITPOINT WARNING * * *
The nagaraja spits poison at you.
The splash of poison hits you but does no damage.
You resist. The anaconda barely misses you. The anaconda constricts you.
The nagaraja hits you from afar with a +0 spear of piercing.
* * * LOW HITPOINT WARNING * * *
The naga ritualist misses you.
You hit the naga ritualist. You freeze the naga ritualist.
The naga ritualist is almost dead.
You miss the black mamba. You barely miss the anaconda.
You feel a little less agile now.
You feel sick. The black mamba barely misses you.
The nagaraja hits you but does no damage.
The naga sharpshooter shoots an arrow.
The arrow hits you.
The nagaraja hits you but does no damage.
The anaconda bites you but does no damage.
* * * LOW HITPOINT WARNING * * *
The anaconda constricts you. The black mamba barely misses you.
The nagaraja hits you from afar with a +2 spear of venom!
You die...

...######.,,,,,*****#N.N...#****,
...# ******** #..?...# ** ...#
#N.....# ...# #......# ,,,*
#......# ** ,,,*
######).....##***, **,*
#####..)NNN.......,,,, *,,*
####...NSNN#).......#,,,, *,,*
###.......@(N#N.S.#...#,,,, *,**
##........((SNNNNN......,,,* *,,*
#.......((.#####NNN...##****
,,,**#.......#### #.N.N..#
,,,*#.......## #.N....#
,,,*#.......#* #...#N.#
,,,*##.......**** #......* ,,**
#........,,****#......###### ,,*
##........,,,,,.....NN.(.).#


You could see a naga warrior, 2 nagarajas, 6 naga sharpshooters, an anaconda, a
naga ritualist, a black mamba and 5 nagas.

Vanquished Creatures
  Vashnia (Snake:2)
  4 nagarajas
  An orc warlord (D:12)
  Aizul (Snake:2)
  A caustic shrike zombie (D:15)
  A minotaur (Gauntlet)
  Josephine (D:13)
  A slime creature (D:14)
  A vault guard (D:13)
  5 hydras
  14 naga warriors
  4 catoblepae
  3 centaur warriors
  4 anacondas
  8 death yaks (Lair:6)
  A queen ant (Lair:3)
  A death knight (D:14)
  3 tengu warriors
  2 two-headed ogres
  5 shock serpents
  9 naga sharpshooters
  Nergalle (D:12)
  2 skeletal warriors (D:15)
  4 salamander mystics
  An unseen horror (D:15)
  2 deep elf magi
  4 orc knights
  2 phantasmal warriors
  A lindwurm (Lair:5)
  A necromancer (D:15)
  A frost giant zombie (D:15)
  2 wolf spider zombies (D:15)
  13 salamanders
  4 mana vipers
  4 cyclopes
  4 elephants (Lair:3)
  5 manticores
  20 black mambas
  A torpor snail (Gauntlet)
  4 guardian serpents
  A black mamba (shapeshifter) (D:14)
  9 spiny frogs
  12 naga magi
  3 centaur zombies (D:12)
  7 centaur skeletons
  3 gargoyles
  A yaktaur zombie (D:15)
  4 kobold demonologists
  A rime drake (Lair:2)
  A freezing wraith (D:14)
  4 komodo dragons
  An ice devil (Gauntlet)
  A yaktaur (D:15)
  2 efreet (D:14)
  A tengu conjurer (D:15)
  3 meliai (D:15)
  2 hornets
  4 trolls
  2 queen bees
  9 blink frogs
  9 hippogriffs
  4 dream sheep (Lair:6)
  Prince Ribbit (D:5)
  A spriggan zombie (D:15)
  A meliai zombie (D:13)
  Sigmund (D:2)
  5 shadows
  2 wyverns
  14 wraiths
  2 basilisks (Lair:5)
  A steam dragon (D:9)
  51 yaks
  3 hungry ghosts
  3 vampire mosquitoes (D:14)
  6 water moccasins
  37 nagas
  20 soldier ants (Lair:3)
  9 porcupines
  A swamp drake (Lair:4)
  5 sky beasts
  2 hornet zombies
  34 orc warriors
  6 phantoms
  A black bear (D:10)
  14 ogres
  5 wolves
  5 ice beasts
  2 eyes of draining
  18 centaurs
  12 crocodiles
  5 big kobolds
  A gnoll sergeant (D:7)
  9 bullfrogs
  4 scorpions
  A wyvern skeleton (D:9)
  37 killer bees
  5 wights (D:13)
  5 electric eels (D:9)
  8 howler monkeys
  A vampire bat (D:14)
  6 crimson imps
  2 bullfrog zombies (D:13)
  12 hounds
  4 orc priests
  A bullfrog skeleton (D:5)
  2 gnoll shamans (D:5)
  4 jellies
  An iron imp (D:9)
  27 orc wizards
  7 iguanas
  3 hell rats (Lair:1)
  33 worker ants
  2 hound zombies
  A hound skeleton (D:9)
  2 worker ant zombies
  7 adders
  19 gnolls
  7 river rats (Lair:1)
  A shadow imp (D:5)
  A white imp (Gauntlet)
  An ooze (D:1)
  6 worms
  2 adder skeletons
  4 dart slugs
  7 leopard geckos
  64 orcs
  4 giant cockroaches
  7 goblins
  6 hobgoblins
  4 jackals (D:6)
  4 quokkas
  14 bats
  6 frilled lizards
  28 kobolds
  A leopard gecko skeleton (D:4)
  15 rats
  2 fungi (Lair:2)
  2 plants (Lair:6)
  2 withered plants (D:15)
890 creatures vanquished.

Vanquished Creatures (collateral kills)
  A naga warrior (Snake:4)
  A naga ritualist (Snake:4)
  A naga mage (Snake:4)
  A yak (Lair:6)
  2 nagas (Snake:4)
  A white imp (Gauntlet)
7 creatures vanquished.

Vanquished Creatures (others)
  An orc (Orc:2)
  7 fungi
  10 plants
  2 withered plants (Gauntlet)
20 creatures vanquished.

Grand Total: 917 creatures vanquished

Notes
Turn   | Place    | Note
-------+----------+-------------------------------------------
     0 | D:1      | Bb4Qf6 the Deep Dwarf Fighter began the quest for the Orb.
     0 | D:1      | Reached XP level 1. HP: 20/20 MP: 1/1
    66 | D:1      | Reached XP level 2. HP: 22/27 MP: 2/2
   310 | D:1      | Reached skill level 3 in Axes
   310 | D:1      | Reached XP level 3. HP: 20/34 MP: 3/3
   658 | D:2      | Found a shattered altar of Ashenzari.
   806 | D:2      | Noticed Sigmund
   814 | D:2      | Killed Sigmund
   814 | D:2      | Reached skill level 4 in Axes
   814 | D:2      | Reached XP level 4. HP: 39/44 MP: 4/4
   814 | D:2      | Reached XP level 5. HP: 44/50 MP: 5/5
  1319 | D:3      | Found an iron altar of Okawaru.
  1603 | D:3      | Reached XP level 6. HP: 29/58 MP: 6/6
  1675 | D:3      | Found a runed translucent door.
  1677 | D:3      | Noticed voshxz's ghost (amateur DEFE)
  2242 | D:4      | Found a glowing golden altar of the Shining One.
  2242 | D:4      | Found a radiant altar of Vehumet.
  2384 | D:4      | Reached skill level 5 in Axes
  2384 | D:4      | Reached skill level 1 in Dodging
  2411 | D:4      | Reached skill level 5 in Fighting
  2411 | D:4      | Reached XP level 7. HP: 63/67 MP: 5/5
  2806 | D:5      | Entered Level 5 of the Dungeon
  3001 | D:5      | Reached skill level 5 in Armour
  3120 | D:5      | Found an ornate altar of the Wu Jian Council.
  3258 | D:5      | Reached skill level 6 in Axes
  3299 | D:5      | Found a sacrificial altar of Ru.
  3473 | D:6      | Noticed Prince Ribbit
  3581 | D:6      | Found a sparkling altar of Nemelex Xobeh.
  3607 | D:5      | Reached XP level 8. HP: 39/76 MP: 6/6
  3692 | D:5      | Killed Prince Ribbit
  3692 | D:5      | Reached skill level 7 in Axes
  3868 | D:6      | Found a staircase to the Ecumenical Temple.
  3884 | D:6      | Found a hazy altar of Hepliaklqana.
  3896 | Temple   | Entered the Ecumenical Temple
  3928 | Temple   | Became a worshipper of Makhleb the Destroyer
  4018 | D:6      | Found a shadowy altar of Dithmenos.
  4368 | D:7      | Reached skill level 1 in Invocations
  4414 | D:7      | Gained mutation: You passively map the area around you.
                  | [Deep Dwarf growth]
  4414 | D:7      | Reached XP level 9. HP: 30/86 MP: 7/7
  4435 | D:7      | Reached skill level 8 in Axes
  4473 | D:7      | Reached * piety under Makhleb
  4513 | D:7      | Noticed a +0 hand axe
  4514 | D:7      | Found a hide-covered altar of Uskayaw.
  4515 | D:7      | Noticed a +0 hand axe
  4788 | D:7      | Found Tezxiss's Assorted Antiques.
  4828 | D:7      | Bought a scroll labeled VERCHI YHITUGA for 33 gold pieces
  4828 | D:7      | Bought a scroll labeled KUTZOZXUDU for 33 gold pieces
  4942 | D:8      | Noticed a queen bee
  4968 | D:8      | Killed a queen bee
  4968 | D:8      | Reached skill level 9 in Axes
  4968 | D:8      | Reached skill level 5 in Dodging
  4970 | D:8      | HP: 2/88 [killer bee (4)]
  5205 | D:8      | Noticed a two-headed ogre
  5219 | D:8      | Killed a two-headed ogre
  5219 | D:8      | Reached XP level 10. HP: 68/97 MP: 8/8
  5234 | D:8      | Found a white marble altar of Elyvilon.
  5487 | D:8      | Reached ** piety under Makhleb
  5497 | D:8      | Reached skill level 5 in Invocations
  5502 | D:8      | Found the +5 scythe "Finisher" {speed, eviscerate}
  5606 | D:8      | Reached skill level 10 in Axes
  5805 | D:8      | Found an ancient bone altar of Kikubaaqudgha.
  6072 | D:9      | Found a snail-covered altar of Cheibriados.
  6732 | D:10     | Entered Level 10 of the Dungeon
  6755 | D:9      | Found a staircase to the Lair.
  6942 | D:9      | Found an opulent altar of Gozag.
  7207 | D:9      | Found a deep blue altar of Sif Muna.
  7512 | D:10     | Reached XP level 11. HP: 60/106 MP: 6/6
  7546 | D:10     | Found the +10 zealot's sword {holy, *Rage rN+ EV+3}
  7747 | D:10     | Noticed kikerikii's ghost (novice MiBe)
  7763 | D:10     | Reached skill level 11 in Axes
  7770 | D:10     | Found a runed translucent gate.
  7770 | D:10     | Found a runed translucent gate.
  7778 | D:10     | Noticed a war gargoyle
  7780 | D:10     | Found a runed translucent gate.
  7899 | D:10     | Reached *** piety under Makhleb
  7974 | D:10     | Found Orawut's Magic Scroll Shop.
  7980 | D:10     | Bought a scroll of acquirement for 520 gold pieces
  8163 | D:11     | Paralysed by a hornet for 3 turns
  8290 | D:11     | Noticed a two-headed ogre
  8302 | D:11     | Killed a two-headed ogre
  8302 | D:11     | Reached skill level 10 in Fighting
  9110 | D:12     | Found a gate leading to a gauntlet.
  9160 | Gauntlet | Entered a Gauntlet
  9160 | Gauntlet | Found a transporter.
  9169 | Gauntlet | Found a transporter.
  9184 | Gauntlet | Found a transporter.
  9192 | Gauntlet | Found a transporter.
  9209 | Gauntlet | Found a transporter.
  9211 | Gauntlet | Noticed a green death
  9227 | Gauntlet | Found a transporter.
  9234 | Gauntlet | Noticed a lindwurm
  9234 | Gauntlet | a manticore changed into a lindwurm
  9235 | Gauntlet | a lindwurm changed into a hippogriff
  9239 | Gauntlet | Found a transporter.
  9245 | Gauntlet | Found a transporter.
  9260 | Gauntlet | Found a transporter.
  9260 | Gauntlet | Noticed a hell hog
  9263 | Gauntlet | Found the ring of Robustness {AC+8}
  9268 | Gauntlet | Found a large runed translucent door.
  9269 | Gauntlet | Found a large runed translucent door.
  9270 | Gauntlet | Found a large runed translucent door.
  9270 | Gauntlet | Found a large runed translucent door.
  9271 | Gauntlet | Found a runed translucent gate.
  9272 | Gauntlet | Found a transporter.
  9272 | Gauntlet | Found a runed translucent gate.
  9273 | Gauntlet | Found a runed translucent gate.
  9274 | Gauntlet | Found a large runed translucent door.
  9274 | Gauntlet | Found a large runed translucent door.
  9275 | Gauntlet | Found a large runed translucent door.
  9276 | Gauntlet | Found a large runed translucent door.
  9284 | Gauntlet | Found a transporter.
  9301 | Gauntlet | Found a transporter.
  9314 | Gauntlet | Found a large runed translucent door.
  9315 | Gauntlet | Found a large runed translucent door.
  9316 | Gauntlet | Found a large runed translucent door.
  9316 | Gauntlet | Found a large runed translucent door.
  9317 | Gauntlet | Found a runed translucent door.
  9318 | Gauntlet | Found a transporter.
  9319 | Gauntlet | Found a runed translucent door.
  9320 | Gauntlet | Found a large runed translucent door.
  9320 | Gauntlet | Found a transporter.
  9320 | Gauntlet | Found a large runed translucent door.
  9321 | Gauntlet | Found a large runed translucent door.
  9322 | Gauntlet | Found a large runed translucent door.
  9350 | Gauntlet | Found a transporter.
  9352 | Gauntlet | Found a transporter.
  9372 | Gauntlet | Found a transporter.
  9486 | Gauntlet | Found a transporter.
  9675 | Gauntlet | Noticed a lindwurm
  9698 | Gauntlet | Noticed an alligator
  9710 | Gauntlet | Got a crude lead ring
  9712 | Gauntlet | Identified the ring "Oleim" {*Tele rC++ MR+++ Str-3 Int+2}
                  | (You found it in a Gauntlet)
  9833 | Gauntlet | Noticed a two-headed ogre
  9833 | Gauntlet | a faun changed into a two-headed ogre
  9834 | Gauntlet | Noticed a shining eye
  9834 | Gauntlet | a two-headed ogre changed into a shining eye
  9834 | Gauntlet | Noticed a glowing orange brain
  9835 | Gauntlet | a shining eye changed into a slime creature
  9839 | Gauntlet | Noticed an ettin
  9839 | Gauntlet | a slime creature changed into an ettin
  9841 | Gauntlet | Noticed a great orb of eyes
  9841 | Gauntlet | an ettin changed into a great orb of eyes
  9843 | Gauntlet | Noticed a queen ant
  9843 | Gauntlet | a great orb of eyes changed into a queen ant
  9844 | Gauntlet | Noticed a storm dragon
  9844 | Gauntlet | a queen ant changed into a storm dragon
  9847 | Gauntlet | Noticed a minotaur
  9847 | Gauntlet | a storm dragon changed into a minotaur
  9849 | Gauntlet | Noticed an azure jelly
  9849 | Gauntlet | a minotaur changed into an azure jelly
  9850 | Gauntlet | Noticed an emperor scorpion
  9850 | Gauntlet | an azure jelly changed into an emperor scorpion
  9854 | Gauntlet | Noticed a minotaur
  9854 | Gauntlet | an emperor scorpion changed into a minotaur
  9855 | Gauntlet | Noticed a queen ant
  9855 | Gauntlet | a minotaur changed into a queen ant
  9860 | Gauntlet | Noticed a death yak
  9860 | Gauntlet | a queen ant changed into a death yak
  9863 | Gauntlet | Noticed a storm dragon
  9863 | Gauntlet | a death yak changed into a storm dragon
  9868 | Gauntlet | Noticed a death yak
  9868 | Gauntlet | a storm dragon changed into a death yak
  9875 | Gauntlet | Noticed an emperor scorpion
  9875 | Gauntlet | a death yak changed into an emperor scorpion
  9885 | Gauntlet | an emperor scorpion changed into something unseen
  9905 | Gauntlet | Noticed a satyr
  9905 | Gauntlet | Noticed a spark wasp
  9905 | Gauntlet | a satyr changed into a spark wasp
  9921 | Gauntlet | Got a pair of slimy gloves
  9935 | Gauntlet | Identified the +0 pair of gloves of Gravity {MR+ Str+4}
                  | (You found it in a Gauntlet)
 10072 | Gauntlet | Noticed a minotaur
 10080 | Gauntlet | Killed a minotaur
 10101 | Gauntlet | Found the +3 hat of Pondering {ponderous, MR+ MP+10 Int+5}
 10116 | D:12     | Reached skill level 12 in Axes
 10136 | D:12     | Found Juppeuki's General Store.
 10186 | D:12     | Found a staircase to the Orcish Mines.
 10187 | D:12     | Found Soban's Weapon Emporium.
 10188 | D:12     | Found Fowoaligg's Armour Emporium.
 10275 | D:12     | Reached **** piety under Makhleb
 10277 | D:12     | Reached XP level 12. HP: 117/117 MP: 8/8
 10309 | D:12     | Noticed Nergalle
 10318 | D:12     | Killed Nergalle
 10849 | D:13     | Found an opulent altar of Gozag.
 11093 | D:13     | Noticed Josephine
 11108 | D:13     | Killed Josephine
 11147 | D:13     | Found a gate to the Vaults.
 11147 | D:13     | Noticed a vault guard
 11148 | D:13     | Noticed an eight-headed hydra
 11270 | Lair:1   | Entered Level 1 of the Lair of Beasts
 11372 | Lair:1   | Noticed an eight-headed hydra
 11385 | Lair:1   | Killed a 12-headed hydra
 11402 | Lair:1   | Reached ***** piety under Makhleb
 11473 | Lair:1   | Noticed a four-headed hydra
 11486 | Lair:1   | Killed a nine-headed hydra
 11486 | Lair:1   | Reached skill level 13 in Axes
 12285 | Lair:2   | Reached XP level 13. HP: 58/128 MP: 7/7
 12361 | Lair:2   | Found a staircase to the Snake Pit.
 12855 | Lair:3   | Reached skill level 10 in Armour
 12911 | Lair:3   | Reached skill level 10 in Invocations
 12988 | Lair:3   | Reached ****** piety under Makhleb
 14080 | Lair:4   | Found a staircase to the Swamp.
 14182 | Lair:4   | Reached skill level 14 in Axes
 14621 | Lair:5   | Identified the +2 trident "Raoh" {speed, Str+4}
 14623 | Lair:5   | Noticed Gargoyl's ghost (journeyman CeAK)
 14629 | Lair:5   | Found a bloodstained altar of Trog.
 14630 | Lair:5   | Identified the +2 spear of Guatirch {antimagic, rElec rN+
                  | Str-2 Dex+3}
 14631 | Lair:5   | Identified the +4 war axe of Efiweomo {chaos, *Drain rF+
                  | rC+ Str+4}
 14791 | Lair:5   | Found a transporter.
 14890 | Lair:5   | Found a transporter.
 15161 | Lair:6   | Entered Level 6 of the Lair of Beasts
 15448 | Lair:6   | Gained mutation: You resist negative energy. (rN+) [Deep
                  | Dwarf growth]
 15448 | Lair:6   | Reached XP level 14. HP: 139/139 MP: 7/7
 15458 | Lair:6   | Reached skill level 10 in Dodging
 15852 | Lair:6   | Reached skill level 15 in Axes
 16055 | Lair:6   | Found a viscous altar of Jiyva.
 16056 | Lair:6   | Found a staircase to the Slime Pits.
 16395 | Snake:1  | Entered Level 1 of the Snake Pit
 17465 | Snake:2  | Noticed Vashnia
 17626 | Snake:2  | Noticed a nagaraja
 17640 | Snake:2  | Killed a nagaraja
 17708 | Snake:2  | Noticed a nagaraja
 17714 | Snake:2  | Killed a nagaraja
 17736 | Snake:2  | Noticed Aizul
 17746 | Snake:2  | Killed Aizul
 17927 | Snake:2  | Killed Vashnia
 18081 | Snake:2  | Reached skill level 16 in Axes
 18154 | Snake:2  | Reached XP level 15. HP: 74/150 MP: 4/4
 18690 | Orc:1    | Entered Level 1 of the Orcish Mines
 18696 | Orc:1    | Noticed an orc warlord
 19985 | D:15     | Entered Level 15 of the Dungeon
 20169 | D:12     | Killed an orc warlord
 20169 | D:12     | Reached skill level 17 in Axes
 20463 | Orc:2    | Entered Level 2 of the Orcish Mines
 20508 | Orc:2    | Found a staircase to the Elven Halls.
 20747 | Orc:2    | Found Kihoqupu's Antique Weapon Shop.
 20747 | Orc:2    | Found Zaos's Armour Emporium.
 20749 | Orc:2    | Found Zosev's Antique Armour Shoppe.
 20751 | Orc:2    | Found Gaguagac's Book Boutique.
 21318 | D:15     | Found a staircase to the Depths.
 21746 | D:15     | Reached skill level 18 in Axes
 22379 | Snake:3  | Reached XP level 16. HP: 144/160 MP: 1/1
 22519 | Snake:3  | Reached skill level 15 in Fighting
 22681 | Snake:3  | Found a runed translucent door.
 22681 | Snake:3  | Found a shimmering altar of Xom.
 22681 | Snake:3  | Noticed mrkaede's ghost (adept MiFi)
 23522 | Snake:4  | Entered Level 4 of the Snake Pit
 23774 | Snake:4  | Reached skill level 19 in Axes
 23787 | Snake:4  | Slain by a nagaraja

Skill      XL: |  1  2  3  4  5  6  7  8  9 10 11 12 13 14 15 16 |
---------------+-------------------------------------------------+-----
Fighting       | 3 4 5 7 8 9 10 11 12 13 14 15 | 15.3
Axes           | 3 4 5 6 7 9 10 12 13 14 16 18 19 | 19.0
Armour         | 4 5 6 7 8 9 10 11 12 | 12.9
Dodging        | 1 2 4 5 6 7 8 9 11 12 | 12.2
Invocations    | 1 4 6 8 9 10 | 10.0
Shields        | |  3.2

Action                   |  1- 3 |  4- 6 |  7- 9 | 10-12 | 13-15 | 16-18 || total
-------------------------+-------+-------+-------+-------+-------+-------++-------
Melee: War axe           |    99 |   174 |   423 |   352 |       |       ||  1048
       Executioner's axe |       |       |       |   459 |  1012 |   230 ||  1701
Throw: Stone             |       |       |       |     2 |       |       ||     2
       Javelin           |       |       |       |       |    14 |       ||    14
Invok: Minor Destruction |       |       |       |    16 |       |       ||    16
       Lesser Servant of |       |       |       |     3 |       |       ||     3
       Major Destruction |       |       |       |     3 |     2 |       ||     5
       Greater Servant o |       |       |       |       |     1 |     1 ||     2
 Abil: Heal Wounds       |     2 |     2 |    23 |    34 |    24 |     7 ||    92
Evoke: Wand              |       |       |     5 |     6 |     5 |     4 ||    20
       Phantom mirror    |       |       |       |       |     1 |     2 ||     3
       Lightning rod     |       |       |       |       |     2 |     1 ||     3
  Use: Potion            |     1 |       |     4 |     2 |     7 |     6 ||    20
       Scroll            |       |     9 |    14 |    14 |    19 |     8 ||    64
 Stab: Paralysed         |       |       |     6 |       |       |       ||     6
       Distracted        |       |       |       |     1 |     1 |     2 ||     4
       Petrified         |       |       |       |       |     4 |       ||     4
       Invisible         |       |       |       |       |       |     3 ||     3
  Eat: Chunk             |       |     5 |    10 |    21 |    27 |     2 ||    65
       Ration            |       |       |       |     3 |     3 |       ||     6
Armor: Scale mail        |    60 |    74 |   178 |   291 |       |       ||   603
       Skin              |       |       |   174 |       |       |       ||   174
       Plate armour      |       |       |       |   291 |   867 |   239 ||  1397
Dodge: Dodged            |    40 |    67 |   236 |   615 |   981 |   269 ||  2208
Block: Shield            |    60 |   114 |   335 |   195 |       |       ||   704
